 Dungeon Crawl Stone Soup version 0.25.1-2-g60ff931df9 (webtiles) character file.

Game seed: 10001276096206651675

332 Acheron the Gusty (level 6, -3/34 HPs)
             Began as a Tengu Air Elementalist on Sept 4, 2020.
             Slain by a worker ant (7 damage)
             ... on level 3 of the Dungeon.
             The game lasted 00:21:08 (4664 turns).

Acheron the Gusty (Tengu Air Elementalist)          Turns: 4664, Time: 00:21:08

Health: -3/34      AC:  3    Str:  8    XL:     6   Next: 52%
Magic:  11/11      EV: 13    Int: 18    God:
Gold:   202        SH:  0    Dex: 14    Spells: 6/11 levels left

rFire    . . .     SeeInvis .   b - +2 dagger (venom)
rCold    . . .     Gourm    .   (no shield)
rNeg     . . .     Faith    .   d - +0 leather armour
rPois    .         Spirit   .   (helmet restricted)
rElec    .         Reflect  .   (no cloak)
rCorr    .         Harm     .   (no gloves)
MR       .....                  (boots unavailable)
Stlth    ++........             (no amulet)
HPRegen  0.11/turn              (no ring)
MPRegen  0.12/turn              (no ring)

@: no status effects
A: beak, talons 3, able to fly
a: Fly


You were on level 3 of the Dungeon.
You were not hungry.

You visited 1 branch of the dungeon, and saw 6 of its levels.

You collected 202 gold pieces.

Inventory:

Hand Weapons
 b - a +2 dagger of venom (weapon)
 c - a +0 hand axe
 e - a +0 hunting sling
 l - a +0 short sword
Missiles
 i - 135 stones (quivered)
 n - 5 poisoned darts
Armour
 a - a +1 robe
 d - a +0 leather armour (worn)
Jewellery
 r - an uncursed amulet of faith {unknown}
 s - an uncursed ring of wizardry {unknown}
Wands
 q - a wand of flame (16)
Scrolls
 h - a scroll of amnesia {unknown}
 o - 3 scrolls of remove curse
 p - 2 scrolls of teleportation
Potions
 f - a potion of stabbing
 g - a potion of invisibility
 j - a potion of haste
 k - a potion of magic {unknown}
 t - 2 potions of brilliance {unknown}
 u - a potion of flight {unknown}
 v - a potion of curing
 w - a potion of might {unknown}
Comestibles
 m - 3 rations


   Skills:
 * Level 1.2 Fighting
 * Level 1.7 Short Blades
 * Level 0.6 Axes
 * Level 1.6 Throwing
 - Level 0.1 Armour
 * Level 3.4 Dodging
 * Level 2.9 Stealth
 * Level 3.1 Spellcasting
 * Level 3.5 Conjurations
 * Level 4.6 Air Magic
 * Level 0.6 Evocations


You had 6 spell levels left.
You knew the following spells:

 Your Spells              Type           Power        Failure   Level  Hunger
a - Shock                 Conj/Air       ###.         4%          1    None
b - Sandblast             Erth           #.....       24%         1    None
c - Stone Arrow           Conj/Erth      #.....       34%         3    ###....

Your spell library contained the following spells:

 Spells                   Type           Power        Failure   Level  Hunger
 Static Discharge         Conj/Air       ###.....     13%         3    ###....
 Swiftness                Chrm/Air       ##......     14%         2    ##.....
 Passwall                 Tmut/Erth      #.......     34%         2    ##.....
 Airstrike                Air            ###.......   34%         4    ####...
 Lightning Bolt           Conj/Air       ###.......   77%         5    ######.
 Petrify                  Tmut/Erth      #.......     93%         4    ####...
 Lee's Rapid Deconstruct  Erth           #.........   100%        5    ######.


Dungeon Overview and Level Annotations

Branches:
Dungeon (6/15)
 Temple: D:4-7

Altars:
Cheibriados
Elyvilon
Gozag
Hepliaklqana
Qazlal
Ru
Trog
Wu Jian
Yredelemnul

Shops:
D:5 %

Annotations:
D:3 3 runed translucent doors, Bakabiel's ghost, amateur DENe


Innate Abilities, Weirdness & Mutations

You have a beak for a mouth.
You have claws for feet.
You can fly continuously.


Message History

The gnoll shouts!
A worker ant comes into view.
The worker ant closely misses you.
There is a stone staircase leading up here.
The worker ant misses you.
You climb upwards.
Level annotation: 3 runed translucent doors, Bakabiel's ghost, amateur DENe
There is a stone staircase leading down here.
You hit the worker ant.
The worker ant is poisoned.
Your peck misses the worker ant.
The worker ant is lightly wounded.
The worker ant waves its antennae.
The worker ant bites you.
* * * LOW HITPOINT WARNING * * *
You hit the worker ant but do no damage.
The worker ant looks as sick as possible!
You claw the worker ant. Your peck misses the worker ant.
The worker ant is heavily wounded.
The worker ant bites you!
You die...

###########
##########..........
#..a....##..........
#..@....''..........
#.......##.....)....
######'###.......(..
#รท# #.......... #.#
#.......... #.#
#.......... #.#
####....... #.#
###+++## #.#


#..ZZZZW You could see a worker ant (extremely poisoned).

Vanquished Creatures
  2 bullfrogs (D:6)
  2 crimson imps (D:5)
  A gnoll (D:4)
  7 adders
  An ooze (D:2)
  A dart slug (D:4)
  2 leopard geckos (D:3)
  5 orcs (D:3)
  2 giant cockroaches
  4 goblins
  A hobgoblin (D:1)
  6 kobolds
  2 quokkas
  9 bats
  4 frilled lizards
  A jackal skeleton (D:4)
  3 rats
53 creatures vanquished.

Notes
Turn   | Place    | Note
-------+----------+-------------------------------------------
     0 | D:1      | Acheron the Tengu Air Elementalist began the quest for the
                  | Orb.
     0 | D:1      | Reached XP level 1. HP: 10/10 MP: 4/4
   537 | D:1      | Reached XP level 2. HP: 15/15 MP: 0/6
   905 | D:2      | Found a faded altar of an unknown god.
  1149 | D:2      | Found a sacrificial altar of Ru.
  1364 | D:2      | Reached XP level 3. HP: 14/19 MP: 7/7
  1602 | D:2      | Found an ornate altar of the Wu Jian Council.
  1749 | D:2      | Found a bloodstained altar of Trog.
  1841 | D:2      | Found a hazy altar of Hepliaklqana.
  2312 | D:3      | Reached XP level 4. HP: 14/24 MP: 3/8
  2709 | D:3      | Found an opulent altar of Gozag.
  2810 | D:3      | Reached skill level 1 in Throwing
  2996 | D:4      | Found a white marble altar of Elyvilon.
  3265 | D:5      | Entered Level 5 of the Dungeon
  3270 | D:5      | Found Eptis's Food Shop.
  3352 | D:4      | Noticed an ogre
  3953 | D:3      | Found a runed translucent gate.
  3953 | D:3      | Found a runed translucent gate.
  3953 | D:3      | Found a runed translucent gate.
  3958 | D:3      | Gained mutation: You can fly continuously. [Tengu growth]
  3958 | D:3      | Reached XP level 5. HP: 22/28 MP: 10/10
  4113 | D:3      | Noticed Bakabiel's ghost (amateur DENe)
  4238 | D:6      | Reached skill level 1 in Fighting
  4238 | D:6      | Reached skill level 1 in Short Blades
  4241 | D:6      | Learned a level 1 spell: Sandblast
  4245 | D:6      | Learned a level 3 spell: Stone Arrow
  4289 | D:6      | Found a snail-covered altar of Cheibriados.
  4333 | D:6      | Found a basalt altar of Yredelemnul.
  4351 | D:6      | Found a stormy altar of Qazlal.
  4370 | D:6      | Reached XP level 6. HP: 17/34 MP: 11/11
  4664 | D:3      | Slain by a worker ant

Illustrated notes

Levels and vault maps discovered:
D:1:      lightli_arrival_farm, layout_basic, serial_forest,
          infiniplex_forest_lined_room_2, infiniplex_forest_lined_room_,
          infiniplex_forest_lined_2, infiniplex_forest_straight_5,
          infiniplex_forest_clump_small, infiniplex_forest_end_3,
          infiniplex_forest_lined_room_2
D:2:      layout_loops_ring, nicolae_overflow_crystal_walls,
          hangedman_ru_absence, bloody_trog, old_standard_altar,
          chequers_ecumenical_altar_simple, minmay_nonomino_d4
D:3:      layout_basic, nicolae_gozag_cash_rules_everything_around_me,
          first_ration, gammafunk_ghost_necromancy
D:4:      layout_loops_ring, old_standard_altar
D:5:      lemuel_castle_with_subvaults [lemuel_castle_interior_carwin_3],
          layout_loops_ring, minmay_temple_entry_statues, serial_shops, shop
D:6:      layout_cave_pools, slow_altar_2, lemuel_crystal_altar,
          kennysheep_little_box, serial_shops, shop_fountains, shop,
          kennysheep_mini_moat

Skill      XL: |  1  2  3  4  5 |
---------------+----------------+-----
Conjurations   | 2 3 |  3.5
Throwing       | 1 |  1.6
Fighting       | 1 |  1.2
Short Blades   | 1 |  1.7
Dodging        | 3 |  3.4
Spellcasting   | 3 |  3.1
Axes           | |  0.6
Armour         | |  0.1
Stealth        | |  2.9
Air Magic      | |  4.6
Evocations     | |  0.6

Action                   |  1- 3 |  4- 6 || total
-------------------------+-------+-------++-------
Melee: Unarmed           |     5 |       ||     5
       Peck              |     3 |    14 ||    17
       Short sword       |    38 |    57 ||    95
       Kick              |     9 |    28 ||    37
       Dagger            |       |    67 ||    67
 Cast: Shock             |    50 |    17 ||    67
  Use: Potion            |     2 |     1 ||     3
       Scroll            |     9 |     5 ||    14
 Stab: Sleeping          |     1 |     2 ||     3
  Eat: Ration            |     1 |     2 ||     3
       Chunk             |       |     4 ||     4
Armor: Robe              |    14 |    14 ||    28
       Leather armour    |       |    18 ||    18
Dodge: Dodged            |    40 |    86 ||   126
